EL
BOWIE BAYSOX @ MONTGOMERY BISCUITS
07/30/2045
 
TOP OF THE 1ST
Bowie Baysox batting - Pitching for Montgomery Biscuits : RHP Jon Killen
Pitching: RHP Jon Killen
Batting: RHB Francisco Viera 0-0: Ball
1-0: Called Strike
1-1: Ball
2-1: Swinging Strike
2-2: Ball
3-2: Foul Ball, location: 2F
3-2: Foul Ball, location: 2F
3-2: DOUBLE (Groundball, 5L, EV 110.0 MPH)
Batting: RHB Michel Kamphuis 0-0: Called Strike
0-1: Called Strike
0-2: SINGLE (Groundball, 56D, EV 106.9 MPH)
Francisco Viera to third
Runner from 3rd tries for Home, throw by LF and OUT! 7-2
Batting: LHB Pat Shaddock 0-0: Ball
1-0: Swinging Strike
1-1: Called Strike
1-2: Ball
2-2: Foul Ball, location: 2F
2-2: Fly out, F6 (Popup, P, EV 79.4 MPH)
Batting: LHB Raul Rojas 0-0: Ball
1-0: Called Strike
Pickoff Throw to First - Error! E1
Michel Kamphuis to second
1-1: Ball
2-1: Foul Ball, location: 2F
2-2: Foul Ball, location: 2F
2-2: Foul Ball, location: 2F
2-2: Strikes out swinging
Top of the 1st over - 0 runs, 2 hits, 1 error, 1 left on base; Bowie 0 - Montgomery 0
BOTTOM OF THE 1ST
Montgomery Biscuits batting - Pitching for Bowie Baysox : RHP Tim Kull
Pitching: RHP Tim Kull
Batting: LHB Jimmy Detrie 0-0: Called Strike
0-1: Ball
1-1: Ball
2-1: Ball
3-1: Fly out, F7 (Flyball, 7LM, EV 98.1 MPH)
Batting: LHB Jake Rheaume 0-0: Ball
1-0: Ball
2-0: Foul Ball, location: 2F
2-1: Ground out U3 (Groundball, 34, EV 95.0 MPH)
Batting: SHB Brett McEwen 0-0: Ball
1-0: Foul Ball, location: 2F
1-1: Foul Ball, location: 2F
1-2: Ball
2-2: SINGLE (Groundball, 56D, EV 95.0 MPH)
Batting: LHB Mario Ocana 0-0: Called Strike
0-1: Ball
1-1: Ball
2-1: 2-RUN HOME RUN (Flyball, 9D, EV 98.1 MPH), Distance : 364 ft
Batting: RHB Paul Landes 0-0: SOLO HOME RUN (Flyball, 7D, EV 100.0 MPH), Distance : 380 ft
Batting: RHB Dermott Kennelly 0-0: Ball
1-0: Swinging Strike
1-1: Ball
2-1: Foul Ball, location: 2F
2-2: SOLO HOME RUN (Flyball, 7D, EV 100.6 MPH), Distance : 384 ft
Batting: RHB Dan Marks 0-0: Ball
1-0: Ball
2-0: Fly out, F5 (Popup, 6S, EV 75.0 MPH)
Bottom of the 1st over - 4 runs, 4 hits, 0 errors, 0 left on base; Bowie 0 - Montgomery 4
TOP OF THE 2ND
Bowie Baysox batting - Pitching for Montgomery Biscuits : RHP Jon Killen
Batting: LHB Andrew Erens 0-0: Fly out, F7 (Line Drive, 7, EV 100.0 MPH)
Batting: RHB Jordan Wallace 0-0: Ball
1-0: Foul Ball, location: 2F
1-1: Foul Ball, location: 2F
1-2: Ball
2-2: Strikes out swinging
Batting: RHB Jon Zimmerman 0-0: Ground out 5-3 (Groundball, 56, EV 76.9 MPH)
Top of the 2nd over - 0 runs, 0 hits, 0 errors, 0 left on base; Bowie 0 - Montgomery 4
BOTTOM OF THE 2ND
Montgomery Biscuits batting - Pitching for Bowie Baysox : RHP Tim Kull
Batting: RHB Devin Brown 0-0: SINGLE (Groundball, 34D, EV 103.8 MPH)
Batting: RHB Dusty Camelli 0-0: SINGLE (Groundball, 6M, EV 103.1 MPH) (infield hit)
Devin Brown to second
Batting: LHB Jimmy Detrie 0-0: Ball
1-0: Foul Ball, location: 2F
1-1: Foul Ball, location: 2F
1-2: Grounds into double play, 6-4-3 (Groundball, 56, EV 80.0 MPH)
Devin Brown to third
Batting: LHB Jake Rheaume 0-0: Ball
1-0: Called Strike
1-1: Ball
2-1: Ball
3-1: Foul Ball, location: 2F
3-2: Foul Ball, location: 2F
3-2: Base on Balls
Batting: SHB Brett McEwen 0-0: Ball
1-0: Fielders Choice at 2nd, 5-4 (Groundball, 5L, EV 79.4 MPH)
Bottom of the 2nd over - 0 runs, 2 hits, 0 errors, 2 left on base; Bowie 0 - Montgomery 4
TOP OF THE 3RD
Bowie Baysox batting - Pitching for Montgomery Biscuits : RHP Jon Killen
Batting: SHB Hugo Moreno 0-0: Called Strike
0-1: Foul Ball, location: 2F
0-2: Ball
1-2: Foul Ball, location: 2F
1-2: SINGLE (Flyball, 6MD, EV 87.5 MPH)
Batting: SHB Tyler Myatt 0-0: Fielders Choice at 2nd, 3-6 (Groundball, 34, EV 83.8 MPH)
Batting: RHB Francisco Viera 0-0: Fly out, F8 (Flyball, 8LS, EV 94.4 MPH)
Batting: RHB Michel Kamphuis 0-0: Called Strike
0-1: Ground out U3 (Groundball, 3, EV 78.1 MPH)
Top of the 3rd over - 0 runs, 1 hit, 0 errors, 1 left on base; Bowie 0 - Montgomery 4
BOTTOM OF THE 3RD
Montgomery Biscuits batting - Pitching for Bowie Baysox : RHP Tim Kull
Batting: LHB Mario Ocana 0-0: Ball
1-0: Ball
2-0: Foul Ball, location: 2F
2-1: Ball
3-1: Fly out, F7 (Flyball, 7LS, EV 90.6 MPH)
Batting: RHB Paul Landes 0-0: Ball
1-0: Swinging Strike
1-1: Ball
2-1: Ball
3-1: Foul Ball, location: 2F
3-2: SINGLE (Groundball, 34D, EV 94.4 MPH)
Batting: RHB Dermott Kennelly 0-0: Grounds into double play, 5-4-3 (Groundball, 56S, EV 78.1 MPH)
Bottom of the 3rd over - 0 runs, 1 hit, 0 errors, 0 left on base; Bowie 0 - Montgomery 4
TOP OF THE 4TH
Bowie Baysox batting - Pitching for Montgomery Biscuits : RHP Jon Killen
Batting: LHB Pat Shaddock 0-0: Ball
1-0: Foul Ball, location: 2F
1-1: SINGLE (Groundball, 4D, EV 100.6 MPH)
Batting: LHB Raul Rojas 0-0: Called Strike
0-1: Swinging Strike
0-2: Strikes out looking
Batting: LHB Andrew Erens 0-0: Ball
1-0: Fly out, F8 (Flyball, 78M, EV 92.5 MPH)
Batting: RHB Jordan Wallace 0-0: Ball
1-0: Foul Ball, location: 2F
1-1: Called Strike
Pat Shaddock steals 2nd, throwing error, E2
Pat Shaddock to third
1-2: Strikes out looking
Top of the 4th over - 0 runs, 1 hit, 1 error, 1 left on base; Bowie 0 - Montgomery 4
BOTTOM OF THE 4TH
Montgomery Biscuits batting - Pitching for Bowie Baysox : RHP Tim Kull
Batting: RHB Dan Marks 0-0: Called Strike
0-1: Ball
1-1: TRIPLE (Flyball, 89XD, EV 100.0 MPH)
Batting: RHB Devin Brown 0-0: Fly out, F3 (Popup, 3SF, EV 81.9 MPH)
Batting: RHB Dusty Camelli 0-0: SINGLE (Groundball, 56D, EV 97.5 MPH)
Dan Marks scores
Pitching: LHP Justin Hinton
Batting: LHB Jimmy Detrie 0-0: Ball
1-0: Ball
2-0: Grounds into double play, 6-4-3 (Groundball, 6, EV 83.1 MPH)
Bottom of the 4th over - 1 run, 2 hits, 0 errors, 0 left on base; Bowie 0 - Montgomery 5
TOP OF THE 5TH
Bowie Baysox batting - Pitching for Montgomery Biscuits : RHP Jon Killen
Batting: RHB Jon Zimmerman 0-0: Ball
1-0: Ball
2-0: Ground out 6-3 (Groundball, 6, EV 86.2 MPH)
Batting: SHB Hugo Moreno 0-0: Called Strike
0-1: Ball
1-1: Swinging Strike
1-2: Foul Ball, location: 2F
1-2: Ball
2-2: Ball
3-2: Base on Balls
Batting: SHB Tyler Myatt 0-0: Called Strike
0-1: Foul Ball, location: 2F
0-2: Foul Ball, location: 2F
0-2: Foul Ball, location: 2F
0-2: Ball
1-2: Strikes out swinging
Batting: RHB Francisco Viera 0-0: Ball
1-0: Ball
2-0: Fly out, F1 (Line Drive, P, EV 74.4 MPH)
Top of the 5th over - 0 runs, 0 hits, 0 errors, 1 left on base; Bowie 0 - Montgomery 5
BOTTOM OF THE 5TH
Montgomery Biscuits batting - Pitching for Bowie Baysox : LHP Justin Hinton
Batting: LHB Jake Rheaume 0-0: Ground out 5-3 (Groundball, 56S, EV 69.4 MPH)
Batting: SHB Brett McEwen 0-0: Ball
1-0: Called Strike
1-1: Called Strike
1-2: Ground out 4-3 (Groundball, 4, EV 78.8 MPH)
Batting: LHB Mario Ocana 0-0: Foul Ball, location: 2F
0-1: Swinging Strike
0-2: Foul Ball, location: 2F
0-2: Ball
1-2: Ball
2-2: Strikes out swinging
Bottom of the 5th over - 0 runs, 0 hits, 0 errors, 0 left on base; Bowie 0 - Montgomery 5
TOP OF THE 6TH
Bowie Baysox batting - Pitching for Montgomery Biscuits : RHP Jon Killen
Batting: RHB Michel Kamphuis 0-0: Ball
1-0: Swinging Strike
1-1: Foul Ball, location: 2F
1-2: Strikes out swinging
Batting: LHB Pat Shaddock 0-0: Swinging Strike
0-1: Foul Ball, location: 2F
0-2: Ball
1-2: Ground out 4-3 (Groundball, 4, EV 92.5 MPH)
Batting: LHB Raul Rojas 0-0: Called Strike
0-1: SINGLE (Groundball, 6D, EV 108.1 MPH)
Batting: LHB Andrew Erens 0-0: Ball
1-0: Swinging Strike
1-1: Foul Ball, location: 2F
1-2: Ball
2-2: Ball
3-2: Foul Ball, location: 2F
3-2: SINGLE (Groundball, 4MD, EV 111.9 MPH)
Raul Rojas to second
Raul Rojas to third
Batting: RHB Jordan Wallace 0-0: Called Strike
0-1: Ball
1-1: Called Strike
1-2: Foul Ball, location: 2F
1-2: Ball
2-2: Foul Ball, location: 2F
2-2: Fly out, F7 (Flyball, 7LM, EV 99.4 MPH)
Top of the 6th over - 0 runs, 2 hits, 0 errors, 2 left on base; Bowie 0 - Montgomery 5
BOTTOM OF THE 6TH
Montgomery Biscuits batting - Pitching for Bowie Baysox : LHP Justin Hinton
Batting: RHB Paul Landes 0-0: Ball
1-0: Ball
2-0: Foul Ball, location: 2F
2-1: Ground out 5-3 (Groundball, 56S, EV 75.0 MPH)
Batting: RHB Dermott Kennelly 0-0: Called Strike
0-1: Ball
1-1: Ball
2-1: Foul Ball, location: 2F
2-2: Ground out 6-3 (Groundball, 6, EV 90.6 MPH)
Batting: RHB Dan Marks 0-0: Foul Ball, location: 2F
0-1: Called Strike
0-2: Foul Ball, location: 2F
0-2: Ball
1-2: Ground out 5-3 (Groundball, 56, EV 82.5 MPH)
Bottom of the 6th over - 0 runs, 0 hits, 0 errors, 0 left on base; Bowie 0 - Montgomery 5
TOP OF THE 7TH
Bowie Baysox batting - Pitching for Montgomery Biscuits : RHP Jon Killen
Batting: RHB Jon Zimmerman 0-0: Ball
1-0: Ball
2-0: Ball
3-0: Base on Balls
Batting: SHB Hugo Moreno 0-0: SINGLE (Groundball, 56, EV 104.4 MPH) (infield hit)
Jon Zimmerman to second
Pinch Runner at 1st Willie Manrique:
Batting: SHB Tyler Myatt 0-0: Called Strike
0-1: Bunted foul
0-2: Strikes out swinging
Pitching: LHP Melvin Millan
Batting: RHB Francisco Viera 0-0: Called Strike
0-1: Foul Ball, location: 2F
0-2: Ball
1-2: Ball
2-2: Ball
3-2: Foul Ball, location: 2F
3-2: Strikes out swinging
Batting: RHB Michel Kamphuis 0-0: Ball
1-0: Called Strike
1-1: Ball
2-1: Called Strike
2-2: Foul Ball, location: 2F
2-2: Ball
3-2: Ground out 5-3 (Groundball, 5, EV 78.1 MPH)
Top of the 7th over - 0 runs, 1 hit, 0 errors, 2 left on base; Bowie 0 - Montgomery 5
BOTTOM OF THE 7TH
Montgomery Biscuits batting - Pitching for Bowie Baysox : LHP Justin Hinton
Now at C: Willie Manrique
Batting: RHB Devin Brown 0-0: Called Strike
0-1: Ball
1-1: Swinging Strike
1-2: Ball
2-2: Ball
3-2: Foul Ball, location: 2F
3-2: Strikes out swinging
Pitching: RHP Ray Richards
Batting: RHB Dusty Camelli 0-0: Ball
1-0: Foul Ball, location: 2F
1-1: Swinging Strike
1-2: Ground out 5-3 (Groundball, 56S, EV 68.8 MPH)
Batting: LHB Jimmy Detrie 0-0: Called Strike
0-1: Ball
1-1: Ground out 6-3 (Groundball, 6M, EV 83.1 MPH)
Bottom of the 7th over - 0 runs, 0 hits, 0 errors, 0 left on base; Bowie 0 - Montgomery 5
TOP OF THE 8TH
Bowie Baysox batting - Pitching for Montgomery Biscuits : LHP Melvin Millan
Batting: LHB Pat Shaddock 0-0: Ball
1-0: Foul Ball, location: 2F
1-1: Ball
2-1: Foul Ball, location: 2F
2-2: Ball
3-2: Foul Ball, location: 2F
3-2: Foul Ball, location: 2F
3-2: Ground out 6-3 (Groundball, 6, EV 86.9 MPH)
Batting: LHB Raul Rojas 0-0: Called Strike
0-1: Ball
1-1: Foul Ball, location: 2F
1-2: Ground out 4-3 (Groundball, 4, EV 107.5 MPH)
Batting: LHB Andrew Erens 0-0: Called Strike
0-1: Ground out 4-3 (Groundball, 4, EV 99.4 MPH)
Top of the 8th over - 0 runs, 0 hits, 0 errors, 0 left on base; Bowie 0 - Montgomery 5
BOTTOM OF THE 8TH
Montgomery Biscuits batting - Pitching for Bowie Baysox : RHP Ray Richards
Batting: LHB Jake Rheaume 0-0: Fly out, F9 (Flyball, 89M, EV 89.4 MPH)
Batting: SHB Brett McEwen 0-0: Ball
1-0: Ball
2-0: Ball
3-0: Base on Balls
Batting: LHB Mario Ocana 0-0: Called Strike
0-1: Ball
Passed Ball!
Brett McEwen to second
1-1: Fly out, F7 (Flyball, 7LM, EV 101.9 MPH)
Batting: RHB Paul Landes 0-0: SINGLE (Groundball, 4MD, EV 102.5 MPH)
Brett McEwen to third
Runner from 3rd tries for Home, SAFE, throw by CF to home
Batting: RHB Dermott Kennelly 0-0: Called Strike
0-1: Ground out U3 (Groundball, 13, EV 81.2 MPH)
Bottom of the 8th over - 1 run, 1 hit, 0 errors, 1 left on base; Bowie 0 - Montgomery 6
TOP OF THE 9TH
Bowie Baysox batting - Pitching for Montgomery Biscuits : LHP Melvin Millan
Batting: RHB Jordan Wallace 0-0: Called Strike
0-1: Ball
1-1: Called Strike
1-2: Strikes out looking
Batting: RHB Jon Zimmerman 0-0: Called Strike
0-1: Ball
1-1: Foul Ball, location: 2F
1-2: Ball
2-2: Strikes out looking
Batting: RHB Willie Manrique 0-0: Called Strike
0-1: Ball
1-1: Ground out 6-3 (Groundball, 6, EV 83.1 MPH)
Top of the 9th over - 0 runs, 0 hits, 0 errors, 0 left on base; Bowie 0 - Montgomery 6
Wednesday, June 22nd , 2022 - OOTP Baseball 23.4 Build 64